cohdb
Replays
Latest Replays
All Replays
Popular Replays
Top Player Replays
Match Explorer
How It Works
Community
CoH3 Stats
Reddit
Sign in to upload your games and track your stats! →
Sign in with Steam
Match 23693018
Unlisted
Match 23693018
Overview
Messages
Build Orders
End
Construct Infanterie Kompanie
Kettenkrad Recon Vehicle
GrW 34 Mortar Team
Selects Breakthrough Battlegroup
GrW 34 Mortar Team
Construct Panzergrenadier Kompanie
Panzergrenadier Squad
Selects Rapid Production
Panzergrenadier Squad
Panzergrenadier Officer Quarters
Construct Panzer Kompanie
Panzergrenadier Squad
Selects Assault Grenadiers
Selects Breakthrough
Selects Incendiary Bombing Run
Panzer IV Medium Tank
Panzergrenadier Squad
Pioneer Squad
Panzer IV Medium Tank
Incendiary Bombing Run
Pioneer Squad
Incendiary Bombing Run
Panzer IV Medium Tank
Medical Station
Incendiary Bombing Run
Panzer IV Medium Tank
Kettenkrad Recon Vehicle
Side Skirts
Panzer Officer Quarters
Selects Blitzkrieg
Selects Panzer IV Command Tank Sd.Kfz. 161/1
Incendiary Bombing Run
Pioneer Squad
Panzer IV Medium Tank
Pioneer Squad
Panzer IV Medium Tank
Incendiary Bombing Run
Blitzkrieg
Panzer IV Medium Tank
Panzergrenadier Squad
Incendiary Bombing Run
Panzer IV Medium Tank
Incendiary Bombing Run
Blitzkrieg
Panzer IV Medium Tank
Pioneer Squad
Breakthrough
Incendiary Bombing Run
Panzer IV Medium Tank
Panzergrenadier Squad
Incendiary Bombing Run
[lol] Jokurino
iceman
Healing magician
绝境战狐
Machinta
Fettgondel
Valkyrie
Mac Tonight
0
0
Comments
sign in to comment!
No comments posted yet!